 Dungeon Crawl Stone Soup version 0.24-a0-537-g2d01d4ab0a (webtiles) character file.

Game seed: 12814642146232478482

32 BinkBink the Ducker (level 3, -3/27 HPs)
             Began as a Demonspawn Gladiator on Aug 15, 2019.
             Killed from afar by Natasha (8 damage)
             ... with a magic dart
             ... on level 2 of the Dungeon.
             The game lasted 00:01:13 (854 turns).

BinkBink the Ducker (Demonspawn Gladiator)           Turns: 854, Time: 00:01:14

Health: -3/27      AC:  4    Str: 14    XL:     3   Next: 8%
Magic:  3/3        EV: 13    Int:  9    God:
Gold:   14         SH:  0    Dex: 15    Spells: 2/2 levels left

rFire    . . .     SeeInvis .   a - +0 trident
rCold    . . .     Gourm    .   (no shield)
rNeg     . . .     Faith    .   b - +0 leather armour
rPois    .         Spirit   .   c - +0 helmet
rElec    .         Reflect  .   (no cloak)
rCorr    .         Harm     .   (no gloves)
MR       .....                  (no boots)
Stlth    +.........             (no amulet)
HPRegen  0.09/turn              (no ring)
MPRegen  0.08/turn              (no ring)

@: no status effects
A: claws 1
a: no special abilities


You were on level 2 of the Dungeon.
You were not hungry.

You visited 1 branch of the dungeon, and saw 2 of its levels.

You collected 14 gold pieces.

Inventory:

Hand Weapons
 a - a +0 trident (weapon)
Missiles
 d - 3 throwing nets (quivered)
Armour
 b - a +0 leather armour (worn)
 c - a +0 helmet (worn)
Scrolls
 e - a scroll of fog {unknown}
 g - a scroll of magic mapping {unknown}
 i - a scroll of remove curse {unknown}
Potions
 h - 2 potions of brilliance {unknown}
 j - a potion of might {unknown}
 k - a potion of lignification {unknown}
Comestibles
 f - 2 rations


   Skills:
 + Level 2.0 Fighting
 + Level 3.1 Polearms
 + Level 1.8 Throwing
 + Level 0.1 Armour
 + Level 3.3 Dodging


You had 2 spell levels left.
You didn't know any spells.
Your spell library was empty.

Dungeon Overview and Level Annotations

Branches:
Dungeon (2/15)

Altars:

Annotations:
D:2 Natasha


Innate Abilities, Weirdness & Mutations

You have sharp fingernails.


Message History

Natasha casts a spell.
Natasha casts a spell.
The shadow imp disappears for a moment.
The shadow imp shouts, "Bolt, thou goatish full-gorged nobody!"
Natasha mumbles some strange words.
Natasha glows brightly for a moment.
You hit the rat.
You kill the rat!
The shadow imp gestures at you. Pain shoots through your body!
Natasha mewls in sadness.
The shadow imp puffs mist at you. The shadow imp gestures at you.
Pain shoots through your body!
* * * LOW HITPOINT WARNING * * *
Natasha mumbles some strange words.
The shadow imp disappears in a puff of smoke!
Natasha casts a spell at you. The magic dart hits you!
You die...

##### #...# #...# ####...####
############....(....#
#...[.......@........# #
#.##########....5....# #.
#.............#...########
#.###..#######.##.#..§hg.h.g.#
..............#.#.#...######.#
...............##.##..# #.#
##..##.######..##.##..# #h#
#.#.#.####...........# #.#
#.#......#.#.###.##.## #g#


You could see an iron imp, Natasha and a hobgoblin.

Vanquished Creatures
  An ooze (D:1)
  A dart slug (D:1)
  2 bats (D:1)
  2 giant cockroaches (D:1)
  4 goblins
  2 hobgoblins (D:2)
  3 jackals (D:2)
  4 kobolds
  4 rats
23 creatures vanquished.

Notes
Turn   | Place    | Note
-------+----------+-------------------------------------------
     0 | D:1      | BinkBink the Demonspawn Gladiator began the quest for the
                  | Orb.
     0 | D:1      | Reached XP level 1. HP: 16/16 MP: 1/1
   113 | D:1      | Gained mutation: You have sharp fingernails. [demonic
                  | ancestry]
   113 | D:1      | Reached XP level 2. HP: 21/22 MP: 2/2
   736 | D:2      | Reached XP level 3. HP: 19/27 MP: 3/3
   811 | D:2      | Noticed Natasha
   854 | D:2      | Killed from afar by Natasha

Levels and vault maps discovered:
D:1:      scummos_arrival_forest, layout_basic
D:2:      layout_loops_ring, minitemple, dk_noncrumbling_3, minmay_misc_feat_x,
          grunt_ministairs_6, lexackson_kobold_supper, uniq_natasha

Skill      XL: |  1  2 |
---------------+-------+-----
Dodging        | 3 |  3.3
Polearms       | 3 |  3.1
Fighting       | |  2.0
Throwing       | |  1.8
Armour         | |  0.1

Action                   || total
-------------------------++-------
Melee: Trident           ||    84
Armor: Leather armour    ||    21
Dodge: Dodged            ||    46

Table legend:
 A = Non-vault XP
 B = Vault XP
 C = Vault XP percentage of total XP
 D = Non-vault monster count
 E = Vault monster count
 F = Vault count percentage of total count
                 A         B        C        D         E       F
            +---------+---------+-------+---------+---------+-------
      Total |      43 |       3 |   6.5 |      21 |       2 |   8.7
            +---------+---------+-------+---------+---------+-------
        D:1 |      31 |       0 |   0.0 |      14 |       0 |   0.0
        D:2 |      12 |       3 |  20.0 |       7 |       2 |  22.2
            +---------+---------+-------+---------+---------+-------
